 Dungeon Crawl Stone Soup version 0.23.0 (webtiles) character file.

Game seed: 10243132292527851715

130 Groucho the Insei (level 5, 0/60 HPs)
             Began as a Gnoll Transmuter on Feb 11, 2019.
             Slain by a goblin
             ... wielding a +0 dagger
              (6 damage)
             ... on level 2 of the Dungeon.
             The game lasted 00:04:11 (3409 turns).

Groucho the Insei (Gnoll Transmuter)                Turns: 3409, Time: 00:04:11

Health: 0/60       AC:  2    Str: 19    XL:     5   Next: 13%
Magic:  6/12       EV: 23    Int: 15    God:
Gold:   50         SH:  0    Dex: 20    Spells: 10/14 levels left

rFire    . . .     SeeInvis .     - Unarmed
rCold    . . .     Gourm    .   (shield currently unavailable)
rNeg     . . .     Faith    .   (armour currently unavailable)
rPois    x         Spirit   .   (helmet currently unavailable)
rElec    .         Reflect  .   (cloak currently unavailable)
rCorr    .         Harm     .   (gloves currently unavailable)
MR       .....                  (boots currently unavailable)
Stlth    ..........             (no amulet)
HPRegen  0.20/turn              (no ring)
MPRegen  0.13/turn              (no ring)

@: berserking, lethally poisoned (0 -> -8), spider-form, very slightly
contaminated, very quick
A: tiny, distributed training, strong nose
a: End Transformation


You were on level 2 of the Dungeon.
You were not hungry.
You were a venomous arachnid creature.
You visited 1 branch of the dungeon, and saw 2 of its levels.

You collected 50 gold pieces.

Inventory:

Missiles
 a - 12 arrows
Armour
 b - a +0 robe (melded)
 l - a scarf of repulsion (melded)
 n - a +0 cloak
Jewellery
 h - an uncursed amulet of faith {unknown}
Scrolls
 c - a scroll of random uselessness {unknown}
 e - 3 scrolls of identify {unknown}
Potions
 f - a potion of resistance {unknown}
 g - a potion of might {unknown}
 i - a potion of flight {unknown}
 j - a potion of ambrosia {unknown}
 k - a potion of haste
Comestibles
 d - 4 rations


   Skills:
 + Level 2.9 Fighting
 + Level 1.3 Short Blades
 + Level 1.3 Long Blades
 + Level 1.3 Axes
 + Level 1.3 Maces & Flails
 + Level 1.3 Polearms
 + Level 1.3 Staves
 + Level 1.3 Slings
 + Level 1.3 Bows
 + Level 1.3 Crossbows
 + Level 1.3 Throwing
 + Level 1.3 Armour
 + Level 4.7 Dodging
 + Level 1.3 Stealth
 + Level 1.3 Shields
 + Level 6.6 Unarmed Combat
 + Level 5.1 Spellcasting
 + Level 1.1 Conjurations
 + Level 1.1 Hexes
 + Level 1.1 Charms
 + Level 1.1 Summonings
 + Level 1.1 Necromancy
 + Level 1.1 Translocations
 + Level 3.9 Transmutations
 + Level 1.1 Fire Magic
 + Level 1.1 Ice Magic
 + Level 1.1 Air Magic
 + Level 1.1 Earth Magic
 + Level 1.1 Poison Magic
 + Level 1.5 Invocations
 + Level 1.3 Evocations


You had 10 spell levels left.
You knew the following spells:

 Your Spells              Type           Power        Failure   Level  Hunger
a - Beastly Appendage     Tmut           ###...       11%         1    None
b - Spider Form           Tmut/Pois      ##........   36%         3    ###....

Your spell library contained the following spells:

 Spells                   Type           Power        Failure   Level  Hunger
 Sticks to Snakes         Tmut           ###.....     14%         2    ##.....
 Ice Form                 Ice/Tmut       ##......     71%         4    ####...
 Blade Hands              Tmut           ###.......   83%         5    ######.


Dungeon Overview and Level Annotations

Branches:
Dungeon (2/15)

Altars:

Annotations:
D:2 Sigmund


Innate Abilities, Weirdness & Mutations

Your experience applies equally to all skills.
((You have very sharp teeth.))
Your uncanny sense of smell can sniff out nearby items.


Message History

* * * LOW HITPOINT WARNING * * *
You are lethally poisoned!
The adder poisons you! The rat bites you.
* * * LOW HITPOINT WARNING * * *
The goblin completely misses you. The gnoll misses you.
Unknown command.
Unknown command.
You barely miss the goblin.
* * * LOW HITPOINT WARNING * * *
You feel sick. The adder completely misses you. Sigmund closely misses you.
The rat misses you.
Unknown command.
Unknown command.
It was a potion of berserk rage.
A red film seems to cover your vision as you go berserk!
You feel yourself moving faster!
You feel mighty!
* * * LOW HITPOINT WARNING * * *
You feel sick. The adder closely misses you.
The goblin hits you with a +0 dagger.
You die...

#.# #......#.###
#.##########.###
#...........>...
#..#############
#..# #.. #..#
#.. #..# #..
######(.##...
###
#...sgg.......
#..rgS..##....
#.....@.# .##
#.........# ..
#.#.#.###.# . #
###. .# #. .. .#
...


You could see Sigmund, a gnoll, an adder, a hobgoblin, a goblin and a rat.

Vanquished Creatures
  Robin (D:2)
  2 adders (D:2)
  3 gnolls (D:2)
  2 worms (D:2)
  A dart slug (D:2)
  3 leopard geckos (D:1)
  3 bats (D:1)
  3 giant cockroaches (D:2)
  15 goblins
  7 hobgoblins
  7 jackals (D:1)
  A quokka (D:2)
  A frilled lizard (D:2)
  3 kobolds
  4 rats (D:1)
56 creatures vanquished.

Notes
Turn   | Place    | Note
-------+----------+-------------------------------------------
     0 | D:1      | Groucho the Gnoll Transmuter began the quest for the Orb.
     0 | D:1      | Reached XP level 1. HP: 17/17 MP: 6/6
     2 | D:1      | Noticed a centaur
     5 | D:1      | Noticed an octopode
     5 | D:1      | Noticed a vine stalker
     7 | D:1      | Noticed a naga
     9 | D:1      | Noticed a vampire
    11 | D:1      | Noticed a formicid
    11 | D:1      | Noticed a troll
    13 | D:1      | Noticed an elf
    13 | D:1      | Noticed a draconian
    15 | D:1      | Noticed a tengu
    15 | D:1      | Noticed a felid
    17 | D:1      | Noticed a minotaur
    17 | D:1      | Noticed a halfling
    19 | D:1      | Noticed a human
    19 | D:1      | Noticed a spriggan
    21 | D:1      | Noticed a demonspawn
    23 | D:1      | Noticed a ghoul
    23 | D:1      | Noticed a demigod
    25 | D:1      | Noticed an ogre
    25 | D:1      | Noticed a dwarf
    27 | D:1      | Noticed a gargoyle
    27 | D:1      | Noticed a merfolk
    91 | D:1      | Reached XP level 2. HP: 18/23 MP: 5/7
   315 | D:1      | Reached XP level 3. HP: 16/28 MP: 7/9
   328 | D:1      | Reached skill level 5 in Spellcasting
   378 | D:1      | Learned a level 3 spell: Spider Form
  2365 | D:2      | Reached skill level 1 in Invocations
  2535 | D:2      | Reached skill level 1 in Short Blades
  2535 | D:2      | Reached skill level 1 in Long Blades
  2535 | D:2      | Reached skill level 1 in Axes
  2535 | D:2      | Reached skill level 1 in Maces & Flails
  2535 | D:2      | Reached skill level 1 in Polearms
  2535 | D:2      | Reached skill level 1 in Staves
  2535 | D:2      | Reached skill level 1 in Slings
  2535 | D:2      | Reached skill level 1 in Bows
  2535 | D:2      | Reached skill level 1 in Crossbows
  2535 | D:2      | Reached skill level 1 in Throwing
  2535 | D:2      | Reached skill level 1 in Armour
  2535 | D:2      | Reached skill level 1 in Stealth
  2535 | D:2      | Reached skill level 1 in Shields
  2535 | D:2      | Reached skill level 1 in Evocations
  2566 | D:2      | Reached XP level 4. HP: 14/34 MP: 7/11
  2843 | D:2      | Noticed Robin
  2852 | D:2      | Killed Robin
  2982 | D:2      | Reached skill level 1 in Conjurations
  2982 | D:2      | Reached skill level 1 in Hexes
  2982 | D:2      | Reached skill level 1 in Charms
  2982 | D:2      | Reached skill level 1 in Summonings
  2982 | D:2      | Reached skill level 1 in Necromancy
  2982 | D:2      | Reached skill level 1 in Translocations
  2982 | D:2      | Reached skill level 1 in Fire Magic
  2982 | D:2      | Reached skill level 1 in Ice Magic
  2982 | D:2      | Reached skill level 1 in Air Magic
  2982 | D:2      | Reached skill level 1 in Earth Magic
  2982 | D:2      | Reached skill level 1 in Poison Magic
  3395 | D:2      | Noticed Sigmund
  3403 | D:2      | Reached XP level 5. HP: 9/40 MP: 6/12
  3409 | D:2      | Slain by a goblin

Skill      XL: |  1  2  3  4 |
---------------+-------------+-----
Spellcasting   | 5 |  5.1
Invocations    | 1 |  1.5
Short Blades   | 1 |  1.3
Long Blades    | 1 |  1.3
Axes           | 1 |  1.3
Maces & Flails | 1 |  1.3
Polearms       | 1 |  1.3
Staves         | 1 |  1.3
Slings         | 1 |  1.3
Bows           | 1 |  1.3
Crossbows      | 1 |  1.3
Throwing       | 1 |  1.3
Armour         | 1 |  1.3
Stealth        | 1 |  1.3
Shields        | 1 |  1.3
Evocations     | 1 |  1.3
Conjurations   | 1 |  1.1
Hexes          | 1 |  1.1
Charms         | 1 |  1.1
Summonings     | 1 |  1.1
Necromancy     | 1 |  1.1
Translocations | 1 |  1.1
Fire Magic     | 1 |  1.1
Ice Magic      | 1 |  1.1
Air Magic      | 1 |  1.1
Earth Magic    | 1 |  1.1
Poison Magic   | 1 |  1.1
Fighting       | |  2.9
Dodging        | |  4.7
Unarmed Combat | |  6.6
Transmutations | |  3.9

Action                   |  1- 3 |  4- 6 || total
-------------------------+-------+-------++-------
Melee: Unarmed           |   117 |    59 ||   176
       Bite              |    13 |     1 ||    14
       Punch             |     1 |     2 ||     3
       Headbutt          |     1 |       ||     1
       Kick              |     5 |       ||     5
 Cast: Beastly Appendage |     3 |     1 ||     4
       Spider Form       |     2 |     2 ||     4
  Use: Potion            |     2 |     1 ||     3
 Stab: Sleeping          |     4 |     1 ||     5
  Eat: Ration            |     2 |     1 ||     3
Armor: Robe              |    12 |     1 ||    13
       Skin              |       |     3 ||     3
Dodge: Dodged            |    65 |    75 ||   140
